 Dungeon Crawl Stone Soup version 0.32-a0-705-g60f233581c (webtiles) character file.

Game seed: 10263886502365753436

5058 jasper the Geomancer (level 10, -5/77 HPs)
             Began as a Coglin Earth Elementalist on Mar 14, 2024.
             Was a Follower of Vehumet.
             Slain by a vampire
             ... wielding the +2 bardiche of Ruination {freeze, rC- Dex+7}
              (7 damage)
             ... on level 7 of the Dungeon.
             The game lasted 00:11:32 (8130 turns).

jasper the Geomancer (Coglin Earth Elementalist)    Turns: 8130, Time: 00:11:32

Health: -5/77      AC:  9    Str: 11    XL:     10   Next: 56%
Magic:  3/13       EV: 14    Int: 19    God:    Vehumet [*.....]
Gold:   580        SH:  0    Dex: 16    Spells: 6/13 levels left

rFire   . . .        E - +9 broad axe "Eryuducs" {freeze, rC+ Str+2 Dex+2}
rCold   + . .        t - +0 dagger (venom) {Somchit}
rNeg    . . .        j - +2 robe {Will+}
rPois   .            g - +2 helmet
rElec   .            q - +0 cloak
rCorr   .            (no gloves)
SInv    .            B - +0 pair of boots
Will    +....        (amulet unavailable)
Stlth   ++           (ring unavailable)
HPRegen 0.32/turn    (ring unavailable)
MPRegen 0.13/turn    (no gizmo)

%: clarity
@: revving
A: off-hand wielding, slow wielding, warmup strikes, no jewellery, clarity,
mutation resistance 1
a: Invent Gizmo, Renounce Religion


You were on level 7 of the Dungeon.
You worshipped Vehumet.
Vehumet was aware of your devotion.
You visited 2 branches of the dungeon, and saw 8 of its levels.

You collected 580 gold pieces.

Inventory:

Hand Weapons
 i - a +0 falchion {Bunsong}
 k - a +0 short sword {Dagmar}
 l - a +2 whip of electrocution {Baqqanum}
 m - a +0 spear {Chaewon}
 t - a +0 dagger of venom (offhand) {Somchit}
 u - a +0 trident {Valter}
 E - the +9 broad axe "Eryuducs" (weapon) {freeze, rC+ Str+2 Dex+2}
   (You took it off an orc on level 7 of the Dungeon)

   Str+2:     It affects your strength (+2).
   Dex+2:     It affects your dexterity (+2).
   rC+:       It protects you from cold.
Missiles
 D - a curare-tipped dart
Armour
 a - a +0 robe
 g - a +2 helmet (worn)
 j - a +2 robe of willpower (worn)
 n - the +0 pair of gloves of Calculation {rPois rN+++ Int-3 Slay+3}
   (You found it on level 2 of the Dungeon)

   Int-3:     It affects your intelligence (-3).
   Slay+3:    It affects your accuracy & damage with ranged weapons and melee
   (+3).
   rPois:     It protects you from poison.
   rN+++:     It renders you almost immune to negative energy.
 q - a +0 cloak (worn)
 r - a +0 helmet
 B - a +0 pair of boots (worn)
Wands
 c - a wand of iceblast (10)
 v - a wand of charming (5)
Scrolls
 d - 4 scrolls of identify
 e - 2 scrolls of enchant armour
 f - 2 scrolls of blinking
 h - 4 scrolls of immolation
 o - 5 scrolls of teleportation
 p - 2 scrolls of amnesia
 y - a scroll of fear
 z - a scroll of poison
 A - a scroll of butterflies
Potions
 b - 2 potions of magic
 s - 2 potions of degeneration
 w - 2 potions of heal wounds
 x - 3 potions of brilliance
 C - 2 potions of curing


   Skills:
 + Level 6.4 Fighting
 + Level 6.1 Dodging
 - Level 1.5 Stealth
 - Level 2.0 Spellcasting
 - Level 0.8 Conjurations
 - Level 10.0 Earth Magic
 + Level 8.3 Evocations


You had 6 spell levels left.
You knew the following spells:

 Your Spells              Type           Power      Damage    Failure   Level
a - Sandblast             Erth           78%        2d17      1%          1
b - Passwall              Erth           39%        N/A       1%          3
c - Stone Arrow           Conj/Erth      44%        3d9       5%          3

Your spell library contained the following spells:

 Spells                   Type           Power      Damage    Failure   Level
 Freeze                   Ice            4%         1d3       17%         1
 Brom's Barrelling Bould  Conj/Erth      22%        2d4       19%         4
 Petrify                  Alch/Erth      20%        N/A       22%         4
 Ensorcelled Hibernation  Hex/Ice        2%         N/A       26%         2
 Fugue of the Fallen      Necr           1%         N/A       45%         3
 Anguish                  Hex/Necr       0%         N/A       86%         4


Dungeon Overview and Level Annotations

Branches:
Dungeon (7/15)             Temple (1/1) D:7

Altars:
Ashenzari
Elyvilon
Fedhas
Gozag
Makhleb
Nemelex Xobeh
Okawaru
Qazlal
Sif Muna
Trog
Uskayaw
Vehumet
Wu Jian
Xom
Zin
The Shining One


Innate Abilities, Weirdness & Mutations

You can wield a second weapon in your off-hand.
It takes a long time for you to wield or remove held weapons.
Your first few attacks do less damage.
You cannot equip rings or amulets.
You possess an exceptional clarity of mind.
You are somewhat resistant to further mutation.


Message History

Unknown command.
Casting: Stone Arrow (dangerous; 5% risk of failure)
Confirm with . or Enter, or press ? or * to list all spells.
Aiming: Stone Arrow (dangerous; 5% risk of failure)
Press: ? - help, Shift-Dir - straight line Something hits you!
Something freezes you.
You take 15 damage, and have 62/77 hp.
You now have 5/13 mp.
Casting: Stone Arrow (dangerous; 5% risk of failure)
Confirm with . or Enter, or press ? or * to list all spells.
You don't know that spell.
Okay, then.
Something barely misses you. x2
You miss something with your +0 dagger of venom.
You miss something with the +9 broad axe "Eryuducs".
Something hits you! Something freezes you. Something bites you!
Something draws strength from your injuries!
You take 26 damage, and have 36/77 hp.
MASSIVE DAMAGE!!
You closely miss something with the +9 broad axe "Eryuducs".
You miss something with your +0 dagger of venom.
You hear some strange, mumbled words.
Something tries to affect you, but you resist.
Something barely misses you. Something bites you!
Something draws strength from your injuries!
You take 7 damage, and have 29/77 hp.
Casting: Stone Arrow (dangerous; 5% risk of failure)
Confirm with . or Enter, or press ? or * to list all spells.
Aiming: Stone Arrow (dangerous; 5% risk of failure)
Press: ? - help, Shift-Dir - straight line, f - you
Okay, then.
Unknown command.
Casting: Stone Arrow (dangerous; 5% risk of failure)
Confirm with . or Enter, or press ? or * to list all spells.
Aiming: Stone Arrow (dangerous; 5% risk of failure)
Press: ? - help, Shift-Dir - straight line The stone arrow hits something!
Something hits you!!
* * * LOW HITPOINT WARNING * * *
Something freezes you.
* * * LOW HITPOINT WARNING * * *
Something bites you!
You die...

###.# #...# ##
#..##########
'..#..#..))..#..
#..#..#.)#.ß.#..
#..#..#..#...#..
#####..#..#..#####'#
#......#..#......#..
#..@{..#..#......#..
#..#####..#####..#..
#......#..#......#..
#......#..#...)..#..
#####..#..#..#######
#......#..#......#..
#.)....#..#......#..
#..#####..#####..#..
#......#..#...)..#..


There were no monsters in sight!

Vanquished Creatures
  Pikel (D:6)
  Grinder (D:5)
  Prince Ribbit (D:6)
  2 wyverns
  A wraith (D:6)
  Menkaure (D:5)
  3 water moccasins (D:7)
  3 sky beasts
  2 black bears (D:7)
  2 orc warriors (D:7)
  2 ice beasts (D:7)
  3 ogres
  3 centaurs (D:7)
  3 lemures (D:6)
  2 phantoms
  2 kobold brigands (D:7)
  Blork the orc (D:4)
  3 bullfrogs (D:7)
  2 gnoll sergeants (D:7)
  3 scorpions
  4 wights (D:7)
  A killer bee (D:7)
  A howler monkey (D:7)
  4 jellies
  2 orc priests
  3 hounds (D:7)
  Crazy Yiuf (D:2)
  A sleepcap (D:7)
  Jessica (D:2)
  Ijyb (D:4)
  6 orc wizards
  4 iguanas
  Robin (D:3)
  4 gnolls (D:4)
  10 adders
  4 white imps (D:7)
  An ufetubus (D:7)
  12 dart slugs
  2 ribbon worms
  23 orcs
  2 ball pythons (D:4)
  3 bats
  8 endoplasms
  3 giant cockroaches
  11 goblins
  10 hobgoblins
  3 jackals (D:2)
  10 kobolds
  4 quokkas
  7 frilled lizards
  6 rats
194 creatures vanquished.

Notes
Turn   | Place    | Note
-------+----------+-------------------------------------------
     0 | D:1      | jasper the Coglin Earth Elementalist began the quest for
                  | the Orb.
     0 | D:1      | Reached XP level 1. HP: 13/13 MP: 3/3
    88 | D:1      | Reached skill level 3 in Earth Magic
   203 | D:1      | Reached XP level 2. HP: 19/19 MP: 2/4
   883 | D:2      | Reached XP level 3. HP: 19/24 MP: 0/6
   905 | D:1      | Learned a level 3 spell: Passwall
  1128 | D:2      | Noticed Jessica
  1134 | D:2      | Killed Jessica
  1135 | D:2      | Reached skill level 4 in Earth Magic
  1135 | D:2      | Reached XP level 4. HP: 30/30 MP: 2/7
  1158 | D:2      | Identified the +0 pair of gloves of Calculation {rPois
                  | rN+++ Int-3 Slay+3}
  1323 | D:2      | Found a blossoming altar of Fedhas.
  1710 | D:2      | Found a runed translucent door.
  1711 | D:2      | Noticed Crazy Yiuf
  2019 | D:2      | Killed Crazy Yiuf
  2020 | D:2      | Reached skill level 5 in Earth Magic
  2020 | D:2      | Reached XP level 5. HP: 26/35 MP: 6/8
  2302 | D:3      | Noticed Robin
  2308 | D:3      | Killed Robin
  2555 | D:3      | Learned a level 3 spell: Stone Arrow
  3150 | D:4      | Reached XP level 6. HP: 41/41 MP: 7/9
  3211 | D:4      | Noticed Blork the orc
  3216 | D:4      | Reached skill level 6 in Earth Magic
  3222 | D:4      | Killed Blork the orc
  3415 | D:4      | Reached XP level 7. HP: 46/46 MP: 6/10
  3425 | D:4      | Reached skill level 7 in Earth Magic
  3624 | D:4      | Found a shimmering blue altar of Sif Muna.
  3655 | D:4      | Noticed Ijyb
  3669 | D:4      | Killed Ijyb
  3841 | D:4      | Found a burning altar of Makhleb.
  3848 | D:4      | Reached skill level 8 in Earth Magic
  4023 | D:5      | Entered Level 5 of the Dungeon
  4244 | D:5      | Reached XP level 8. HP: 52/52 MP: 9/11
  4439 | D:5      | Noticed Menkaure
  4514 | D:5      | Killed Menkaure
  4515 | D:5      | Reached skill level 9 in Earth Magic
  4791 | D:5      | Noticed Grinder
  4793 | D:5      | Paralysed by Grinder for 2 turns
  4796 | D:5      | Killed Grinder
  5107 | D:6      | Found a glowing silver altar of Zin.
  5109 | D:6      | Found a broken altar of Ashenzari.
  5214 | D:6      | Reached skill level 10 in Earth Magic
  5265 | D:6      | Noticed a wyvern
  5268 | D:6      | Killed a wyvern
  5269 | D:6      | Reached skill level 1 in Fighting
  5302 | D:6      | Reached XP level 9. HP: 58/61 MP: 6/12
  5372 | D:6      | Noticed Pikel
  5417 | D:6      | Killed Pikel
  5517 | D:6      | Identified the +0 scale mail "Ohak Vish" {Harm Will+}
  5745 | D:6      | Noticed Prince Ribbit
  5750 | D:6      | Killed Prince Ribbit
  5760 | D:6      | HP: 3/64 [wraith (6)]
  5765 | D:6      | Gained mutation: You are dopey. (Int -2) [potion of
                  | mutation]
  5765 | D:6      | Gained mutation: You possess an exceptional clarity of
                  | mind. [potion of mutation]
  5766 | D:6      | Lost mutation: You possess an exceptional clarity of mind.
                  | [potion of mutation]
  5766 | D:6      | Lost mutation: You are dopey. (Int -2) [potion of mutation]
  5766 | D:6      | Gained mutation: Your magical capacity is low. (-10% MP)
                  | [potion of mutation]
  5766 | D:6      | Gained mutation: Armour fits poorly on your strangely
                  | shaped body. [potion of mutation]
  5766 | D:6      | Gained mutation: Your magical capacity is very low. (-20%
                  | MP) [potion of mutation]
  5766 | D:6      | Gained mutation: You have supernaturally acute eyesight.
                  | (SInv) [potion of mutation]
  5767 | D:6      | Lost mutation: Your magical capacity is very low. (-20% MP)
                  | [potion of mutation]
  5767 | D:6      | Lost mutation: You have supernaturally acute eyesight.
                  | (SInv) [potion of mutation]
  5767 | D:6      | Lost mutation: Your magical capacity is low. (-10% MP)
                  | [potion of mutation]
  5767 | D:6      | Gained mutation: You are dopey. (Int -2) [potion of
                  | mutation]
  5768 | D:6      | Lost mutation: You are dopey. (Int -2) [potion of mutation]
  5768 | D:6      | Lost mutation: Armour fits poorly on your strangely shaped
                  | body. [potion of mutation]
  5768 | D:6      | Gained mutation: You possess an exceptional clarity of
                  | mind. [potion of mutation]
  5768 | D:6      | Gained mutation: You are somewhat resistant to further
                  | mutation. [potion of mutation]
  6473 | D:7      | Reached skill level 5 in Evocations
  6783 | D:7      | Found a staircase to the Ecumenical Temple.
  6863 | Temple   | Entered the Ecumenical Temple
  6882 | Temple   | Became a worshipper of Vehumet
  7000 | D:7      | Reached skill level 5 in Fighting
  7000 | D:7      | Reached skill level 5 in Dodging
  7000 | D:7      | Reached XP level 10. HP: 45/74 MP: 2/13
  7316 | D:7      | Found a shimmering altar of Xom.
  7359 | D:7      | Found a stormy altar of Qazlal.
  7632 | D:7      | Identified the +9 broad axe "Eryuducs" {freeze, rC+ Str+2
                  | Dex+2}
  7657 | D:7      | Reached * piety under Vehumet
  7657 | D:7      | Offered knowledge of Freeze by Vehumet.
  8119 | D:7      | Identified the +2 bardiche of Ruination {freeze, rC- Dex+7}
  8130 | D:7      | HP: 2/77 [something (4)]
  8130 | D:7      | Slain by a vampire

Illustrated notes

Levels and vault maps discovered:
D:1:      dpeg_arrival_castle, layout_basic, nicolae_eternal_life
D:2:      layout_loops_ring, basic_altar, uniq_crazy_yiuf_cottage, uniq_jessica
D:3:      layout_basic, uniq_robin
D:4:      layout_cave_pools, nicolae_sif_muna_condensation,
          mainiacjoe_overflow_six_doors_small, due_unseen_surprise, uniq_ijyb,
          uniq_blork_the_orc
D:5:      kennysheep_slugbush, layout_gridville, uniq_menkaure, uniq_grinder
D:6:      layout_basic, nicolae_overflow_hidden_temple, uniq_prince_ribbit1,
          uniq_pikel
D:7:      kennysheep_windowed_halls, layout_gridville, tgw_xom,
          grunt_qazlal_clouds, temple_green, minmay_misc_feat_ornament,
          chequers_serial_rivers_micro_b, amcnicky_mini_pool_small,
          corexii_item_surrounded_by_moat, minmay_joined_circles
Temple:   nicolae_temple_bog_church

Skill      XL: |  1  2  3  4  5  6  7  8  9 10 |
---------------+-------------------------------+-----
Earth Magic    | 3 4 5 6 8 10 | 10.0
Spellcasting   | 2 |  2.0
Fighting       | 1 5 6 |  6.4
Dodging        | 2 5 6 |  6.1
Evocations     | 2 6 8 |  8.3
Stealth        | |  1.5
Conjurations   | |  0.8

Action                     |  1- 3 |  4- 6 |  7- 9 | 10-12 || total
---------------------------+-------+-------+-------+-------++-------
  Melee: Unarmed           |     2 |       |       |       ||     2
         Falchion          |       |    19 |       |       ||    19
         Spear             |       |    17 |       |       ||    17
         Trident           |       |    10 |    41 |       ||    51
         Dagger            |       |     8 |    46 |    11 ||    65
         Whip              |       |       |     4 |     9 ||    13
         Broad axe         |       |       |       |     2 ||     2
   Cast: Sandblast         |    35 |    85 |   141 |    72 ||   333
         Stone Arrow       |       |       |       |     3 ||     3
  Evoke: Wand              |       |       |    10 |       ||    10
    Use: Potion            |       |     4 |     6 |       ||    10
         Scroll            |       |       |       |    10 ||    10
 Armour: Robe              |    13 |    41 |   107 |    68 ||   229
  Dodge: Dodged            |     6 |    35 |    56 |    73 ||   170

Table legend: (Time is in decaauts)
 A = Elapsed time spent in this place.
 B = Non-inter-level travel time spent in this place.
 C = Inter-level travel time spent in this place.
 D = Time resting spent in this place.
 E = Time spent auto-exploring this place.
 F = Levels seen in this place.
 G = Mean time per level.
                   A        B        C        D        E       F      G
               +--------+--------+--------+--------+--------+-----+--------+
         Total |   8302 |   7926 |    376 |    237 |   6367 |   8 | 1037.8 |
       Dungeon |   8263 |   7923 |    340 |    237 |   6367 |   7 | 1180.4 |
        Temple |     38 |      2 |     36 |      0 |      0 |   1 |   38.0 |
               +--------+--------+--------+--------+--------+-----+--------+

Top non-repeatable levels by time:
     D:7: 1812 daAuts
     D:6: 1345 daAuts
     D:2: 1269 daAuts
     D:3: 1066 daAuts
     D:5: 995 daAuts
     D:1: 944 daAuts
     D:4: 830 daAuts
  Temple: 38 daAuts
